 Dungeon Crawl Stone Soup version 0.27.1-34-g3ba077fa99 (webtiles) character file.

Game seed: 4276506456953191538

25 cbfl8 the Sneak (level 2, -2/27 HPs)
             Began as a Minotaur Delver on Jan 20, 2022.
             Slain by a gnoll (5 damage)
             ... on level 5 of the Dungeon.
             The game lasted 00:02:32 (416 turns).

cbfl8 the Sneak (Minotaur Delver)                    Turns: 416, Time: 00:02:33

Health: -2/27      AC: 10    Str: 16    XL:     2   Next: 86%
Magic:  1/1        EV:  4    Int:  7    God:
Gold:   25         SH:  0    Dex: 11    Spells: 1/1 levels left

rFire    . . .     SeeInvis .   a - +1 hand axe
rCold    . . .     Faith    .   (no shield)
rNeg     . . .     Spirit   .   k - +0 plate armour
rPois    .         Reflect  .   (helmet restricted)
rElec    .         Harm     .   (no cloak)
rCorr    .         Rampage  .   (no gloves)
Will     .....                  (no boots)
Stlth    ..........             (no amulet)
HPRegen  0.09/turn              (no ring)
MPRegen  0.07/turn              (no ring)

@: no status effects
A: horns 2, retaliatory headbutt
a: no special abilities


You were on level 5 of the Dungeon.
You visited 1 branch of the dungeon, and saw 1 of its levels.

You collected 25 gold pieces.

Inventory:

Hand Weapons
 a - a +1 hand axe (weapon)
Armour
 b - a +0 leather armour
 k - a +0 plate armour (worn)
Wands
 g - a wand of digging (3)
Scrolls
 c - a scroll of fog
 d - a scroll of magic mapping
 e - a scroll of fear
 j - 2 scrolls of enchant weapon
Potions
 f - a potion of haste
 i - a potion of invisibility {unknown}


   Skills:
 + Level 3.9 Fighting
 + Level 2.5 Axes
 + Level 0.1 Armour
 + Level 2.2 Dodging
 + Level 4.6 Stealth


You had one spell level left.
You didn't know any spells.
Your spell library was empty.

Dungeon Overview and Level Annotations

Branches:
Dungeon (5/15)
 Temple: D:4-7

Altars:
Uskayaw
Zin


Innate Abilities, Weirdness & Mutations

You have a pair of horns on your head.
You reflexively headbutt those who attack you in melee.


Message History

The gnoll hits you from afar with a +0 spear.
The gnoll hits you with a +0 club.
Unknown command.
Your plate armour prevents you from hitting the gnoll.
The gnoll is moderately wounded.
The gnoll hits you from afar with a +0 spear.
The gnoll hits you but does no damage.
The gnoll hits you from afar with a +0 spear.
* * * LOW HITPOINT WARNING * * *
Unknown command.
You closely miss the gnoll. Your headbutt misses the gnoll.
The gnoll is moderately wounded.
The gnoll hits you but does no damage. The gnoll completely misses you.
You hit the gnoll.
The gnoll is severely wounded.
The gnoll hits you with a +0 club.
* * * LOW HITPOINT WARNING * * *
The gnoll hits you from afar with a +0 spear.
* * * LOW HITPOINT WARNING * * *
You hit the gnoll but do no damage. You headbutt the gnoll.
You kill the gnoll!
The gnoll hits you but does no damage. The gnoll hits you but does no damage.
There is an open door here.
Things that are here:
a +0 club; a scroll labelled LEIJERUGOSM; a gnoll corpse The gnoll barely misses you.
You furiously retaliate!
You headbutt the gnoll, but do no damage.
You hit the gnoll. Your headbutt misses the gnoll.
The gnoll is moderately wounded.
The gnoll hits you with a +0 spear.
* * * LOW HITPOINT WARNING * * *
Unknown command.
You hit the gnoll.
The gnoll is severely wounded.
The gnoll hits you but does no damage.
You barely miss the gnoll.
The gnoll is severely wounded.
The gnoll hits you with a +0 spear.
You die...

#.#.#(#(#..........###
#.##(((##..........'..
#.###(###..........###
#.#.###.#.#.......##
#.#.....#.##.....##
#.##._.##.###...##
#..#...#..# ##+##
#..##)##..#
##...@g..### .
##.####...###..# #.#
#......... #.#
#...#.... #.# ##.##
... #.####...# ..
#........# #
######...# #####


You could see 4 dancing weapons and a gnoll.

Vanquished Creatures
  A mummy (D:5)
  A gnoll (D:5)
  A hobgoblin zombie (D:5)
  A kobold zombie (D:5)
  2 orc zombies (D:5)
6 creatures vanquished.

Notes
Turn   | Place    | Note
-------+----------+-------------------------------------------
     0 | D:5      | cbfl8 the Minotaur Delver began the quest for the Orb.
     0 | D:5      | Reached XP level 1. HP: 19/19 MP: 0/0
    69 | D:5      | Reached XP level 2. HP: 27/27 MP: 1/1
   189 | D:5      | Found a glowing silver altar of Zin.
   249 | D:5      | Noticed a +0 spear
   276 | D:5      | Noticed a +0 falchion
   278 | D:5      | Noticed a +0 dagger
   278 | D:5      | Noticed a +0 short sword
   278 | D:5      | Noticed a +0 dagger
   279 | D:5      | Noticed a +0 falchion
   281 | D:5      | Noticed a +0 spear
   281 | D:5      | Noticed a +0 short sword
   322 | D:5      | Found a hide-covered altar of Uskayaw.
   416 | D:5      | Slain by a gnoll

Illustrated notes

Levels and vault maps discovered:
D:5:      layout_loops_corners, nicolae_uskayaw_en_pointe, zin_academy,
          minmay_mini_ossuary

Action                   || total
-------------------------++-------
Melee: Hand axe          ||    23
       Headbutt          ||     2
  Use: Scroll            ||     2
Armor: Leather armour    ||     4
       Plate armour      ||     8
Dodge: Dodged            ||    11
